 Dungeon Crawl Stone Soup version 0.30-a0-381-g6ea064c7b4 (webtiles) character file.

Game seed: 6939712772828005221

398 lokiplouj the Chopper (level 6, -12/56 HPs)
             Began as a Minotaur Berserker on Dec 1, 2022.
             Was a Believer of Trog.
             Mangled by an ogre
             ... wielding a +0 giant spiked club
              (15 damage)
             ... on level 7 of the Dungeon.
             The game lasted 00:05:10 (4252 turns).

lokiplouj the Chopper (Minotaur Berserker)          Turns: 4252, Time: 00:05:10

Health: -12/56     AC:  3    Str: 30    XL:     6   Next: 53%
Magic:  5/5        EV: 13    Int: 10    God:    Trog [**....]
Gold:   392        SH:  0    Dex: 13    Spells: 5/5 levels left

rFire   . . .      SeeInvis .    y - +9 dagger of the Little People {freeze, rPois Str+6}
rCold   . . .      Faith    .    (no shield)
rNeg    . . .      Spirit   .    b - +0 animal skin
rPois   +          Reflect  .    (helmet restricted)
rElec   .          Harm     .    (no cloak)
rCorr   .          Rampage  .    u - +0 pair of gloves
Will    ++...                    (no boots)
Stlth   ++........               m - amulet of regeneration
HPRegen 2.09/turn                q - ring "Wiowk" {*Slow Int+6 Dex+4 Slay+3 Stlth+}
MPRegen 0.09/turn                (no ring)

@: strong-willed, regenerating
A: horns 2, retaliatory headbutt
a: Renounce Religion, Berserk, Trog's Hand


You were on level 7 of the Dungeon.
You worshipped Trog.
Trog was pleased with you.
You visited 1 branch of the dungeon, and saw 7 of its levels.

You collected 392 gold pieces.

Inventory:

Hand Weapons
 a - a +0 hand axe
 y - the +9 dagger of the Little People (weapon) {freeze, rPois Str+6}
   (You found it on level 4 of the Dungeon)

   It freezes those it strikes, dealing additional cold damage.
   It can also slow down cold-blooded creatures.
   Str:       It affects your strength (+6).
   rPois:     It protects you from poison.
Armour
 b - a +0 animal skin (worn)
 u - a +0 pair of gloves (worn)
 x - a +0 chain mail
Jewellery
 m - an amulet of regeneration (around neck)
 q - the ring "Wiowk" (left hand) {*Slow Int+6 Dex+4 Slay+3 Stlth+}
   (You found it on level 3 of the Dungeon)

   [ring of intelligence]

   Int:       It affects your intelligence (+6).
   Dex:       It affects your dexterity (+4).
   Slay:      It affects your accuracy & damage with ranged weapons and melee
   (+3).
   *Slow:     It may slow you when you take damage.
   Stlth:     It makes you more stealthy.
Wands
 s - a wand of flame (27)
Scrolls
 e - 7 scrolls of identify {unknown}
 f - a scroll of amnesia {unknown}
 g - 2 scrolls of brand weapon {unknown}
 h - a scroll of blinking {unknown}
 i - 4 scrolls of teleportation {unknown}
 j - a scroll of noise {unknown}
 n - 2 scrolls of poison {unknown}
 o - 3 scrolls of enchant armour {unknown}
 r - a scroll of fear {unknown}
 v - a scroll of magic mapping {unknown}
 z - a scroll of vulnerability {unknown}
Potions
 c - 2 potions of lignification {unknown}
 d - 4 potions of heal wounds {unknown}
 k - 2 potions of mutation {unknown}
 l - 3 potions of flight {unknown}
 p - 2 potions of haste {unknown}
 t - a potion of ambrosia {unknown}
 w - a potion of berserk rage {unknown}
 A - 2 potions of attraction {unknown}


   Skills:
 + Level 5.4 Fighting
 + Level 5.4 Axes
 + Level 4.5 Armour
 + Level 4.3 Dodging


You had 5 spell levels left.
You didn't know any spells.
Your spell library contained the following spells:

 Spells                   Type           Power      Damage    Failure   Level
 Portal Projectile        Hex/Tloc       0%         N/A       75%         3
 Tukima's Dance           Hex            0%         N/A       75%         3
 Blade Hands              Tmut           0%         N/A       100%        5


Dungeon Overview and Level Annotations

Branches:
Dungeon (7/15)
 Temple: D:4-7

Altars:
Okawaru
Qazlal
Yredelemnul
Zin

Shops:
D:2 [   D:3 *

Portals:
Ossuary: D:7

Annotations:
D:7 Prince Ribbit


Innate Abilities, Weirdness & Mutations

You have a pair of horns on your head.
You reflexively headbutt those who attack you in melee.


Message History

Found a falchion.
There is an open door here.
You hear the slow hiss of an avalanche of sand. 2 orcs come into view.
The orc shouts!
The orc moves out of view.
A gnoll comes into view. It is wielding a +0 club.
There is a stone staircase leading up here.
You climb upwards.
Level annotation: Prince Ribbit Prince Ribbit hits you. x2
There is a stone staircase leading down, spattered with blood here.
You puncture Prince Ribbit! You freeze Prince Ribbit.
Prince Ribbit is heavily wounded.
Prince Ribbit hits you!
You hit Prince Ribbit.
Prince Ribbit seems to slow down.
You freeze Prince Ribbit. You headbutt Prince Ribbit.
Prince Ribbit is heavily wounded.
Prince Ribbit closely misses you. The ogre misses you.
You puncture Prince Ribbit! You freeze Prince Ribbit.
Prince Ribbit is almost dead.
Prince Ribbit is no longer moving slowly.
Prince Ribbit hits you!
The ogre hits you with a +0 giant spiked club!!
* * * LOW HITPOINT WARNING * * *
You can't go up here!
Unknown command.
Prince Ribbit hits you but does no damage.
You climb downwards.
You hear the hiss of flowing sand.
There is an entrance to an ossuary on this level.
Hurry and find it before the portal is buried!
You recover from your berserk rage.
There is a stone staircase leading up here.
Okay, then.
Your skin crawls.
You feel strong-willed. Prince Ribbit hits you.
* * * LOW HITPOINT WARNING * * *
The ogre hits you with a +0 giant spiked club!
You die...

##. ... # ..
.####.
#o#####......
#..oO@F......
##o##.#######
#..##.####
#........#
#..#####.#
#..#...#.#
##.'.∩.'.#
#.#...#....#
#.##+##....#


You could see Prince Ribbit, an ogre, an orc priest (wandering) and 2 orcs.

Vanquished Creatures
  A water moccasin (D:5)
  A hound (D:4)
  Crazy Yiuf (D:5)
  An orc priest (D:5)
  An orc wizard (D:4)
  An iguana (D:4)
  3 gnolls (D:4)
  2 adders (D:2)
  An ufetubus (D:5)
  4 worms
  3 dart slugs
  9 orcs
  5 endoplasms
  3 giant cockroaches
  6 goblins
  7 hobgoblins
  A jackal (D:2)
  5 kobolds
  5 quokkas
  3 ball pythons
  11 bats
  7 frilled lizards
  6 rats
87 creatures vanquished.

Vanquished Creatures (others)
  2 fungi (D:5)
  4 plants (D:7)
6 creatures vanquished.

Grand Total: 93 creatures vanquished

Notes
Turn   | Place    | Note
-------+----------+-------------------------------------------
     0 | D:1      | lokiplouj the Minotaur Berserker began the quest for the
                  | Orb.
     0 | D:1      | Reached XP level 1. HP: 19/19 MP: 0/0
   152 | D:1      | Reached XP level 2. HP: 24/27 MP: 1/1
   889 | D:2      | Found a faded altar of an unknown god.
   903 | D:2      | Reached XP level 3. HP: 31/33 MP: 2/2
   962 | D:2      | Reached ** piety under Trog
  1195 | D:2      | Found Tiubbaf's Armour Shoppe.
  1377 | D:2      | Reached XP level 4. HP: 40/40 MP: 3/3
  1842 | D:3      | Identified the ring "Wiowk" {*Slow Int+6 Dex+4 Slay+3
                  | Stlth+}
  1862 | D:3      | Found Feulimn's Assorted Antiques.
  2792 | D:4      | Reached XP level 5. HP: 47/47 MP: 4/4
  2842 | D:4      | Identified the +9 dagger of the Little People {freeze,
                  | rPois Str+6}
  2918 | D:4      | Reached skill level 5 in Fighting
  2970 | D:4      | Found a stormy altar of Qazlal.
  3286 | D:5      | Entered Level 5 of the Dungeon
  3501 | D:5      | Reached skill level 5 in Axes
  3529 | D:5      | Noticed a water moccasin
  3532 | D:5      | Killed a water moccasin
  3533 | D:5      | Reached XP level 6. HP: 48/56 MP: 5/5
  3766 | D:5      | Reached *** piety under Trog
  3853 | D:5      | Found a glowing silver altar of Zin.
  3853 | D:5      | Found an iron altar of Okawaru.
  3855 | D:5      | Found a basalt altar of Yredelemnul.
  3999 | D:5      | Found a runed translucent door.
  4000 | D:5      | Noticed Crazy Yiuf
  4005 | D:5      | Killed Crazy Yiuf
  4195 | D:6      | Noticed Prince Ribbit
  4231 | D:7      | Found a sand-covered staircase.
  4249 | D:6      | HP: 2/56 [ogre/+0 giant spiked club (20)]
  4252 | D:7      | Mangled by an ogre

Illustrated notes

Levels and vault maps discovered:
D:1:      minmay_arrival_four_loops, layout_basic
D:2:      minmay_chambers_of_twos, layout_loops_ring,
          shapermc_ecumenical_altar_ellora, serial_shops,
          nicolae_lakefront_shop, st_stairs_7
D:3:      layout_loops_ring, serial_shops, shop
D:4:      layout_basic, amcnicky_altar_gilded, kennysheep_generic_room_16
D:5:      layout_basic, gammafunk_temple_overflow_claw, uniq_crazy_yiuf_cottage
D:6:      layout_rooms, serial_corexii_hall, corexii_hall_statues_deadend,
          corexii_hall_statues_u, uniq_prince_ribbit1, uniq_menkaure
D:7:      hellmonk_destroyed_diamonds, layout_loops_ring,
          minmay_temple_entry_gardened_gates, enter_ossuary_2

Skill      XL: |  1  2  3  4  5 |
---------------+----------------+-----
Axes           | 4 5 |  5.4
Fighting       | 4 5 |  5.4
Armour         | 3 4 |  4.5
Dodging        | 3 4 |  4.3

Action                   |  1- 3 |  4- 6 || total
-------------------------+-------+-------++-------
Melee: Hand axe          |   102 |    52 ||   154
       Headbutt          |    12 |    17 ||    29
       Punch             |     1 |     1 ||     2
       Dagger            |       |    25 ||    25
Invok: Berserk           |       |     3 ||     3
       Trog's Hand       |       |     1 ||     1
 Stab: Sleeping          |     1 |     5 ||     6
Armor: Animal skin       |    21 |    14 ||    35
Dodge: Dodged            |    79 |    42 ||   121

Table legend: (Time is in decaauts)
 A = Elapsed time spent in this place.
 B = Non-inter-level travel time spent in this place.
 C = Inter-level travel time spent in this place.
 D = Time resting spent in this place.
 E = Time spent auto-exploring this place.
 F = Levels seen in this place.
 G = Mean time per level.
                   A        B        C        D        E       F      G
               +--------+--------+--------+--------+--------+-----+--------+
         Total |   4303 |   3912 |    391 |    186 |   3171 |   7 |  614.7 |
       Dungeon |   4303 |   3912 |    391 |    186 |   3171 |   7 |  614.7 |
               +--------+--------+--------+--------+--------+-----+--------+

Top non-repeatable levels by time:
     D:2: 904 daAuts
     D:1: 892 daAuts
     D:5: 884 daAuts
     D:4: 789 daAuts
     D:3: 725 daAuts
     D:7: 58 daAuts
     D:6: 48 daAuts
